 Dungeon Crawl Stone Soup version 0.31-a0-986-g5e6e4ef867 (webtiles) character file.

Game seed: 5631972918399599234

144 SigmundSlayer the Charlatan (level 5, -1/41 HPs)
             Began as a Gnoll Artificer on Nov 3, 2023.
             Slain by a gnoll
             ... wielding a +0 club
              (3 damage)
             ... on level 4 of the Dungeon.
             The game lasted 00:04:26 (2461 turns).

SigmundSlayer the Charlatan (Gnoll Artificer)       Turns: 2461, Time: 00:04:27

Health: -1/41      AC:  7    Str: 12 (14) XL:     5   Next: 26%
Magic:  7/7        EV: 12    Int:  9 (10) God:
Gold:   180        SH:  0    Dex:  9 (12) Spells: 6/6 levels left

rFire   + . .        a - +0 dagger (venom)
rCold   + . .        (no shield)
rNeg    . . .        j - +2 robe {rF+}
rPois   .            (no helmet)
rElec   .            k - +2 cloak of the Blue Moon {rC+}
rCorr   .            (no gloves)
SInv    .            (no boots)
Will    +....        (no amulet)
Stlth   ++           (no ring)
HPRegen 0.26/turn    (no ring)
MPRegen 0.10/turn

%: no passive effects
@: brilliant, enlightened, flying
A: fangs 1, strong nose, distributed training
a: no special abilities


You were on level 4 of the Dungeon.
You visited 1 branch of the dungeon, and saw 4 of its levels.

You collected 180 gold pieces.

Inventory:

Hand Weapons
 a - a +0 dagger of venom (weapon)
 b - the +5 sling of the Unspeakable One {heavy, rElec Dex+3}
   (You found it on level 2 of the Dungeon)

   Dex+3:     It affects your dexterity (+3).
   rElec:     It insulates you from electricity.
Missiles
 n - a throwing net
 t - 2 darts of dispersal
 u - 4 poisoned darts
Armour
 j - a +2 robe of fire resistance (worn)
 k - the +2 cloak of the Blue Moon (worn) {rC+}
   (You found it on level 2 of the Dungeon)

   rC+:       It protects you from cold.
Talismans
 y - a serpent talisman
Wands
 c - a wand of flame (37) (quivered)
 d - a wand of charming (15)
 e - a wand of iceblast (5)
Scrolls
 m - 3 scrolls of identify {unknown}
 s - a scroll of silence {unknown}
 x - a scroll of noise {unknown}
 z - 2 scrolls of acquirement {unknown}
Potions
 h - a potion of enlightenment
 l - a potion of haste {unknown}
 o - a potion of attraction {unknown}
 q - 2 potions of heal wounds {unknown}
 r - a potion of curing {unknown}
 v - a potion of cancellation {unknown}
 w - a potion of might {unknown}


   Skills:
 + Level 3.0 Fighting
 + Level 1.4 Short Blades
 + Level 1.4 Long Blades
 + Level 1.4 Axes
 + Level 1.4 Maces & Flails
 + Level 1.4 Polearms
 + Level 1.4 Staves
 + Level 1.4 Ranged Weapons
 + Level 1.4 Throwing
 + Level 4.8 Armour
 + Level 3.0 Dodging
 + Level 2.7 Stealth
 + Level 1.4 Shields
 + Level 1.4 Unarmed Combat
 + Level 1.4 Spellcasting
 + Level 1.1 Conjurations
 + Level 1.1 Hexes
 + Level 1.1 Summonings
 + Level 1.1 Necromancy
 + Level 1.1 Translocations
 + Level 1.1 Transmutations
 + Level 1.1 Fire Magic
 + Level 1.1 Ice Magic
 + Level 1.1 Air Magic
 + Level 1.1 Earth Magic
 + Level 1.1 Poison Magic
 + Level 1.6 Invocations
 + Level 6.7 Evocations
 + Level 1.3 Shapeshifting


You had 6 spell levels left.
You didn't know any spells.
Your spell library contained the following spells:

 Spells                   Type           Power      Damage    Failure   Level
 Poisonous Vapours        Pois/Air       8%         N/A       32%         2
 Mephitic Cloud           Conj/Pois/Air  4%         N/A       54%         3
 Freezing Cloud           Conj/Ice/Air   2%         6-21      99%         5


Dungeon Overview and Level Annotations

Branches:
Dungeon (4/15)
 Temple: D:4-7

Altars:

Shops:
D:4 (


Innate Abilities, Weirdness & Mutations

You have very sharp teeth.
Your uncanny sense of smell can sniff out nearby items.
Your experience applies equally to all skills.


Message History

You struggle against the net.
The gnoll hits you with a +0 club. The gnoll barely misses you.
The gnoll hits you from afar with a +0 spear.
The adder bites you but does no damage.
You rip the net and break free!
The adder barely misses you. The gnoll closely misses you.
The gnoll hits you with a +0 club. The gnoll hits you but does no damage.
The adder closely misses you. The gnoll attacks as it pursues you!
The gnoll closely misses you. The gnoll attacks as it pursues you!
The gnoll hits you with a +0 club.
A jackal comes into view.
Found a pink potion.
The jackal barks!
You hear a bark!
A jackal comes into view.
The air fills with toxic fumes!
As you read the scroll labelled HUC HUTIZUFO, it crumbles to dust.
It was a scroll of poison.
The gnoll hits you with a +0 whip. The gnoll hits you with a +0 club.
It was a potion of brilliance.
You feel clever all of a sudden. The gnoll hits you but does no damage.
The gnoll barely misses you.
It was a potion of degeneration.
There was something very wrong with that liquid.
You feel weakened.
You feel dopey.
You feel clumsy. The gnoll hits you with a +0 whip.
The gnoll closely misses you.
It was a potion of enlightenment.
You feel very buoyant.
You fly up into the air.
The gnoll closely misses you. The gnoll hits you with a +0 club!
* * * LOW HITPOINT WARNING * * *
You feel more buoyant. The gnoll hits you with a +0 whip.
* * * LOW HITPOINT WARNING * * *
The gnoll hits you with a +0 club.
* * * LOW HITPOINT WARNING * * *
Okay, then.
As you read the scroll labelled EMPAABLA AWKE, it crumbles to dust.
It is a scroll of amnesia.
You feel forgetful for a moment. The gnoll barely misses you.
The gnoll hits you with a +0 club.
You die...

####.....# .
##..#§§§§§##§§§§☼§
#...§.§§§§☼#§§h§§
.. ..§§.§§§☼§§§§§
... #☼§§.§§§§§§h
... #.☼§#§§§§§#
....##.#####.§§§§§#
....##...§§§§g#§§##
....#......###§g@##
...........#####g§#
.......###B.###S§§#
#......##....##B§##
#.......##....§§§#
.............§§###
.............☼§..#
.........####§☼..#
#.......####.....##


You could see 3 gnolls, an adder, 2 jackals and a giant cockroach.

Vanquished Creatures
  A hound (D:4)
  4 adders
  2 worms
  A dart slug (D:2)
  An orc (D:3)
  8 ball pythons
  8 endoplasms
  4 giant cockroaches (D:1)
  7 goblins
  5 hobgoblins
  3 jackals (D:3)
  5 kobolds
  3 quokkas
  5 bats
  4 frilled lizards
  5 rats
66 creatures vanquished.

Notes
Turn   | Place    | Note
-------+----------+-------------------------------------------
     0 | D:1      | SigmundSlayer the Gnoll Artificer began the quest for the
                  | Orb.
     0 | D:1      | Reached XP level 1. HP: 17/17 MP: 1/1
   125 | D:1      | Reached XP level 2. HP: 10/23 MP: 2/2
   927 | D:2      | Reached XP level 3. HP: 18/28 MP: 3/3
  1019 | D:2      | Reached skill level 1 in Invocations
  1155 | D:2      | Identified the +2 cloak of the Blue Moon {rC+}
  1155 | D:2      | Identified the +5 sling of the Unspeakable One {heavy,
                  | rElec Dex+3}
  1280 | D:2      | Reached skill level 1 in Short Blades
  1280 | D:2      | Reached skill level 1 in Long Blades
  1280 | D:2      | Reached skill level 1 in Axes
  1280 | D:2      | Reached skill level 1 in Maces & Flails
  1280 | D:2      | Reached skill level 1 in Polearms
  1280 | D:2      | Reached skill level 1 in Staves
  1280 | D:2      | Reached skill level 1 in Ranged Weapons
  1280 | D:2      | Reached skill level 1 in Throwing
  1280 | D:2      | Reached skill level 1 in Shields
  1280 | D:2      | Reached skill level 1 in Unarmed Combat
  1280 | D:2      | Reached skill level 1 in Spellcasting
  1362 | D:2      | Reached XP level 4. HP: 34/34 MP: 5/5
  1621 | D:3      | Reached skill level 1 in Shapeshifting
  1722 | D:3      | Reached skill level 1 in Conjurations
  1722 | D:3      | Reached skill level 1 in Hexes
  1722 | D:3      | Reached skill level 1 in Summonings
  1722 | D:3      | Reached skill level 1 in Necromancy
  1722 | D:3      | Reached skill level 1 in Translocations
  1722 | D:3      | Reached skill level 1 in Transmutations
  1722 | D:3      | Reached skill level 1 in Fire Magic
  1722 | D:3      | Reached skill level 1 in Ice Magic
  1722 | D:3      | Reached skill level 1 in Air Magic
  1722 | D:3      | Reached skill level 1 in Earth Magic
  1722 | D:3      | Reached skill level 1 in Poison Magic
  2195 | D:4      | Found Hokamue's Weapon Emporium.
  2224 | D:4      | Reached XP level 5. HP: 30/41 MP: 5/7
  2460 | D:4      | HP: 1/41 [gnoll/+0 club (3)]
  2461 | D:4      | Slain by a gnoll

Illustrated notes

Levels and vault maps discovered:
D:1:      lightli_iron_boxes, layout_basic
D:2:      layout_loops_ring, minmay_distorted
D:3:      layout_rooms, kennysheep_decorative_pillar
D:4:      layout_cave_pools, minmay_temple_entry_stoned_glass, serial_shops,
          shop

Skill      XL: |  1  2  3  4 |
---------------+-------------+-----
Invocations    | 1 |  1.6
Short Blades   | 1 |  1.4
Long Blades    | 1 |  1.4
Axes           | 1 |  1.4
Maces & Flails | 1 |  1.4
Polearms       | 1 |  1.4
Staves         | 1 |  1.4
Ranged Weapons | 1 |  1.4
Throwing       | 1 |  1.4
Shields        | 1 |  1.4
Unarmed Combat | 1 |  1.4
Spellcasting   | 1 |  1.4
Shapeshifting  | 1 |  1.3
Conjurations   | 1 |  1.1
Hexes          | 1 |  1.1
Summonings     | 1 |  1.1
Necromancy     | 1 |  1.1
Translocations | 1 |  1.1
Transmutations | 1 |  1.1
Fire Magic     | 1 |  1.1
Ice Magic      | 1 |  1.1
Air Magic      | 1 |  1.1
Earth Magic    | 1 |  1.1
Poison Magic   | 1 |  1.1
Fighting       | 3 |  3.0
Dodging        | 3 |  3.0
Armour         | |  4.8
Stealth        | |  2.7
Evocations     | |  6.7

Action                     |  1- 3 |  4- 6 || total
---------------------------+-------+-------++-------
  Melee: Club              |   111 |       ||   111
         Bite              |    10 |     1 ||    11
         Dagger            |       |    13 ||    13
   Fire: Sling             |    20 |    42 ||    62
  Evoke: Wand              |     2 |       ||     2
    Use: Potion            |       |     4 ||     4
         Scroll            |       |     2 ||     2
   Stab: Sleeping          |     3 |       ||     3
 Armour: Leather armour    |    61 |       ||    61
         Robe              |    23 |    34 ||    57
  Dodge: Dodged            |   112 |    29 ||   141

Table legend: (Time is in decaauts)
 A = Elapsed time spent in this place.
 B = Non-inter-level travel time spent in this place.
 C = Inter-level travel time spent in this place.
 D = Time resting spent in this place.
 E = Time spent auto-exploring this place.
 F = Levels seen in this place.
 G = Mean time per level.
                   A        B        C        D        E       F      G
               +--------+--------+--------+--------+--------+-----+--------+
         Total |   2550 |   2390 |    160 |    108 |   1770 |   4 |  637.5 |
       Dungeon |   2550 |   2390 |    160 |    108 |   1770 |   4 |  637.5 |
               +--------+--------+--------+--------+--------+-----+--------+

Top non-repeatable levels by time:
     D:1: 866 daAuts
     D:2: 802 daAuts
     D:3: 469 daAuts
     D:4: 411 daAuts
